 Dungeon Crawl Stone Soup version 0.27-a0-170-g607d9e9d85 (webtiles) character file.

Game seed: 13591033446929124049

120 dolemite99 the Cutter (level 5, 0/27 HPs)
             Began as a Vine Stalker Chaos Knight on Jan 29, 2021.
             Was a Plaything of Xom.
             Slain by a quasit (1 damage)
             ... summoned by Xom
             ... on level 3 of the Dungeon.
             The game lasted 00:03:52 (3555 turns).

dolemite99 the Cutter (Vine Stalker Chaos Knight)   Turns: 3555, Time: 00:03:53

Health: 0/27       AC:  5    Str: 15      XL:     5   Next: 4%
Magic:  0/6        EV:  8    Int:  8      God:    Xom [.*....]
Gold:   153        SH:  7    Dex: 12 (14) Spells: 4/4 levels left

rFire    + . .     SeeInvis .   a - +4 short sword (chaos)
rCold    x . .     Faith    .   i - +0 kite shield
rNeg     + . .     Spirit   +   b - +2 leather armour
rPois    .         Reflect  .   (no helmet)
rElec    .         Harm     .   (no cloak)
rCorr    .         Rampage  .   (no gloves)
Will     .....                  (no boots)
Stlth    +.........             k - amulet of regeneration
HPRegen  0.89/turn              l - ring of positive energy
MPRegen  0.10/turn              q - ring of fire

@: no status effects
A: fangs 2, dopey 2, regeneration 1, screaming 1, magic shield, antimagic bite,
no potion heal 3
a: Renounce Religion


You were on level 3 of the Dungeon.
You worshipped Xom.
You were a plaything of Xom.
You visited 1 branch of the dungeon, and saw 3 of its levels.

You collected 153 gold pieces.

Inventory:

Hand Weapons
 a - a +4 short sword of chaos (weapon)
Missiles
 n - 22 arrows
 s - 2 poisoned darts (quivered)
Armour
 b - a +2 leather armour (worn)
 i - a +0 kite shield (worn)
Jewellery
 k - an amulet of regeneration (around neck)
 l - a ring of positive energy (left hand)
 q - a ring of fire (right hand)
Scrolls
 d - 2 scrolls of random uselessness {unknown}
 f - 2 scrolls of remove curse {unknown}
 g - a scroll of enchant armour {unknown}
 h - 3 scrolls of teleportation
 m - 2 scrolls of identify {@r1}
 p - a scroll of amnesia {unknown}
 r - 2 scrolls of fear {unknown}
Potions
 c - 2 potions of attraction
 e - a potion of mutation
 j - a potion of haste
 o - 2 potions of curing {unknown}
 t - a potion of might {unknown}


   Skills:
 - Level 2.6 Fighting
 + Level 5.1 Short Blades
 - Level 1.5 Armour
 - Level 0.7 Dodging


You had 4 spell levels left.
You didn't know any spells.
Your spell library was empty.

Dungeon Overview and Level Annotations

Branches:
Dungeon (3/15)

Altars:
Makhleb
Trog


Innate Abilities, Weirdness & Mutations

You have extremely sharp teeth.
Your natural rate of healing is unusually fast.
When hurt, damage is shared between your health and your magic reserves.
Your bite disrupts and absorbs the magic of your enemies.
Potions cannot restore your health.
You are very dopey. (Int -4)
You occasionally shout uncontrollably at your foes.


Message History

The quasit claws you.
* * * LOW HITPOINT WARNING * * *
The quasit claws you.
* * * LOW HITPOINT WARNING * * *
You feel clumsy.
You hit the quasit.
The quasit is heavily wounded.
You block the quasit's attack. x2; The quasit closely misses you.
You closely miss the quasit.
The quasit is heavily wounded.
The quasit bites you.
* * * LOW HITPOINT WARNING * * *
You feel clumsy. You block the quasit's attack. The quasit closely misses you.
The quasit bites you.
* * * LOW HITPOINT WARNING * * *
The quasit claws you but does no damage.
The quasit claws you.
You die...
Xom yawns loudly!

###.....#.#.#.####.
#.....#.....#.#....
#.###.###.....#.##.
#..........#..#.##.
#####..##.####....#.###
#....§§#..........#.#
#####'####5#..###.b#....#
#........#5#..####.#..###
#........#@#.......#..#
#........#§#.#######..#
#........§§#.....#....#
#........#######.#.#.##
#........# #..†.#<#.#
#.....)..# #....###.#
########## #........#
#...###### #####


You could see an iron imp (summoned) and a quasit (summoned, agile).

Vanquished Creatures
  A hound (D:2)
  3 adders
  A worm (D:3)
  A dart slug (D:2)
  3 leopard geckos
  3 orcs (D:3)
  5 bats
  3 giant cockroaches (D:1)
  4 goblins
  4 hobgoblins
  A quokka (D:3)
  3 frilled lizards
  16 kobolds
  6 rats (D:1)
54 creatures vanquished.

Vanquished Creatures (others)
  8 fungi (D:3)
  7 toadstools (D:3)
15 creatures vanquished.

Grand Total: 69 creatures vanquished

Notes
Turn   | Place    | Note
-------+----------+-------------------------------------------
     0 | D:1      | dolemite99 the Vine Stalker Chaos Knight began the quest
                  | for the Orb.
     0 | D:1      | Reached XP level 1. HP: 11/11 MP: 2/2
   203 | D:1      | Reached skill level 3 in Short Blades
   414 | D:1      | XOM: silly message
   416 | D:1      | Reached XP level 2. HP: 9/16 MP: 1/3
  1034 | D:1      | XOM: butterfly on damage
  1440 | D:1      | XOM: noise
  1525 | D:2      | XOM: 2-stop teleportation journey
  1667 | D:2      | Reached XP level 3. HP: 19/19 MP: 4/4
  1741 | D:2      | XOM: give mutation
  1741 | D:2      | Gained mutation: You occasionally shout uncontrollably at
                  | your foes. [Xom's mischief]
  2092 | D:2      | XOM: 2-stop teleportation journey
  2170 | D:2      | Reached skill level 4 in Short Blades
  2257 | D:2      | Found a burning altar of Makhleb.
  2267 | D:2      | Gained mutation: Your natural rate of healing is unusually
                  | fast. [Vine Stalker growth]
  2267 | D:2      | Reached XP level 4. HP: 23/23 MP: 5/5
  2605 | D:3      | XOM: 3-stop teleportation journey
  2619 | D:3      | Found a bloodstained altar of Trog.
  3161 | D:3      | XOM: butterfly on damage
  3163 | D:3      | HP: 1/23 [acid (5)]
  3189 | D:3      | XOM: give mutations
  3189 | D:3      | Gained mutation: You are dopey. (Int -2) [Xom's mischief]
  3189 | D:3      | Gained mutation: You are very dopey. (Int -4) [Xom's
                  | mischief]
  3227 | D:3      | XOM: scenery: summon butterflies
  3272 | D:3      | Reached skill level 5 in Short Blades
  3486 | D:3      | Reached XP level 5. HP: 16/27 MP: 6/6
  3544 | D:3      | XOM: summons 3 hostile demons
  3551 | D:3      | XOM: smoke on damage
  3553 | D:3      | HP: 1/27 [quasit[Xom] (1)]
  3555 | D:3      | Slain by a quasit

Illustrated notes

Levels and vault maps discovered:
D:1:      psy_arrival_whirlpool, layout_loops_corners, minmay_ruptured
D:2:      layout_basic, makhleb_heckhound_becter
D:3:      cheibrodos_fertilizer, layout_basic, minmay_misc_feat_diagonals,
          hangedman_abyss_or_decor_lesser_grid, trog_three_pillars_becter

Skill      XL: |  1  2  3  4 |
---------------+-------------+-----
Short Blades   | 3 4 5 |  5.1
Fighting       | |  2.6
Armour         | |  1.5
Dodging        | |  0.7

Action                   |  1- 3 |  4- 6 || total
-------------------------+-------+-------++-------
Melee: Short sword       |    62 |    69 ||   131
       Bite              |    10 |    11 ||    21
Throw: Dart              |       |     7 ||     7
  Use: Scroll            |     9 |       ||     9
 Stab: Sleeping          |     1 |       ||     1
Armor: Leather armour    |    20 |    42 ||    62
Dodge: Dodged            |    31 |    38 ||    69
Block: Kite shield       |     4 |    28 ||    32

Table legend: (Time is in decaauts)
 A = Elapsed time spent in this place.
 B = Non-inter-level travel time spent in this place.
 C = Inter-level travel time spent in this place.
 D = Time resting spent in this place.
 E = Time spent auto-exploring this place.
 F = Levels seen in this place.
 G = Mean time per level.
                   A        B        C        D        E       F      G
               +--------+--------+--------+--------+--------+-----+--------+
         Total |   3566 |   3450 |    116 |   1012 |   1816 |   3 | 1188.7 |
       Dungeon |   3566 |   3450 |    116 |   1012 |   1816 |   3 | 1188.7 |
               +--------+--------+--------+--------+--------+-----+--------+

Top non-repeatable levels by time:
     D:1: 1493 daAuts
     D:2: 1110 daAuts
     D:3: 962 daAuts
